 Dungeon Crawl Stone Soup version 0.29-a0-219-g0a02b1cf4f (webtiles) character file.

Game seed: 17497441070995208588

408 shoop the Shooter (level 6, -3/34 HPs)
             Began as a Deep Elf Arcane Marksman on Feb 26, 2022.
             Shot with an arrow by a centaur (10 damage)
             ... on level 5 of the Dungeon.
             The game lasted 00:10:37 (4335 turns).

shoop the Shooter (Deep Elf Arcane Marksman)        Turns: 4335, Time: 00:10:38

Health: -3/34      AC:  2    Str:  7    XL:     6   Next: 57%
Magic:  8/11       EV: 17    Int: 20    God:
Gold:   154        SH:  0    Dex: 15    Spells: 2/9 levels left

rFire   . . .      SeeInvis .   a - +0 shortbow
rCold   . . .      Faith    .   (shield currently unavailable)
rNeg    . . .      Spirit   .   b - +0 robe
rPois   .          Reflect  .   (no helmet)
rElec   .          Harm     .   (no cloak)
rCorr   +          Rampage  .   (no gloves)
Will    .....                   (no boots)
Stlth   ++........              p - amulet of the acrobat
HPRegen 0.11/turn               f - +4 ring of evasion
MPRegen 0.12/turn               q - ring of resist corrosion

@: no status effects
A: no striking features
a: no special abilities


You were on level 5 of the Dungeon.
You visited 1 branch of the dungeon, and saw 5 of its levels.

You collected 154 gold pieces.

Inventory:

Hand Weapons
 a - a +0 shortbow (weapon)
Armour
 b - a +0 robe (worn)
Jewellery
 f - a +4 ring of evasion (left hand)
 p - an amulet of the acrobat (around neck)
 q - a ring of resist corrosion (right hand)
 u - an amulet of magic regeneration
Wands
 v - a wand of flame (7)
Scrolls
 d - a scroll of teleportation {unknown}
 e - 5 scrolls of identify {unknown}
 h - a scroll of amnesia {unknown}
 j - a scroll of vulnerability {unknown}
 l - a scroll of magic mapping {unknown}
 o - a scroll of noise {unknown}
 r - 3 scrolls of immolation {unknown}
 s - a scroll of enchant armour {unknown}
 w - a scroll of fear {unknown}
Potions
 c - 2 potions of flight {unknown}
 g - 3 potions of mutation {unknown}
 i - a potion of might {unknown}
 k - 2 potions of heal wounds {unknown}
 m - a potion of brilliance {unknown}
 n - a potion of lignification {unknown}
 t - 3 potions of curing {unknown}


   Skills:
 - Level 1.0 Fighting
 - Level 7.0 Bows
 - Level 3.0 Dodging
 - Level 3.0 Stealth
 - Level 2.0 Spellcasting
 - Level 4.0 Hexes
 - Level 2.0 Translocations
 - Level 2.0 Fire Magic
 + Level 1.6 Evocations


You had 2 spell levels left.
You knew the following spells:

 Your Spells              Type           Power      Damage    Failure   Level
a - Slow                  Hex            72%        N/A       3%          1
c - Inner Flame           Hex/Fire       14%        N/A       14%         3
r - Portal Projectile     Hex/Tloc       28%        N/A       14%         3

Your spell library contained the following spells:

 Spells                   Type           Power      Damage    Failure   Level
 Confusing Touch          Hex            18%        N/A       9%          3
 Cause Fear               Hex            9%         N/A       30%         4
 Stone Arrow              Conj/Erth      4%         3d7       43%         3
 Vampiric Draining        Necr           2%         2d6       43%         3
 Animate Armour           Summ/Erth      4%         N/A       83%         4
 Lehudib's Crystal Spear  Conj/Erth      1%         10d2      100%        8


Dungeon Overview and Level Annotations

Branches:
Dungeon (5/15)
 Temple: D:4-7

Altars:

Annotations:
D:5 exclusion: black bear, Grinder


Message History

An orc is nearby!
You shoot an arrow.
The arrow hits the orc but does no damage.
You shoot an arrow. The arrow hits the orc.
The orc is lightly wounded.
You shoot an arrow. The arrow barely misses the orc.
The orc closely misses you.
You shoot an arrow. The arrow hits the orc!
You kill the orc!
No target in view!
No target in view!
(D) Dungeon
Where to? (Enter - D:4 @ (x,y), ? - help)
You see here a +0 short sword.
There is a stone staircase leading down here.
You climb downwards.
Level annotation: exclusion: black bear, Grinder The orc shouts!
You hear a shout!
The centaur shoots an arrow.
The arrow barely misses you.
The centaur shoots an arrow.
The arrow barely misses you.
There is a stone staircase leading up, spattered with blood here.
Casting: Slow (safe; 3% risk of failure)
Confirm with . or Enter, or press ? or * to list all spells.
The spell is quite dangerous to miscast (14% risk of failure)!
Continue anyway?
Aiming: Inner Flame (quite dangerous; 14% risk of failure)
Press: ? - help, Dir - move target, f - orc
Aim: an orc, wielding a +0 hand axe and wearing a +0 scale mail (chance to affect: 81%)
The orc is filled with an inner flame.
The centaur shoots an arrow.
The arrow hits you!
Unknown command.
Shoot: a) +0 shortbow
Press: ? - help, Shift-Dir - straight line, f/p - orc
Aim: an orc, wielding a +0 hand axe and wearing a +0 scale mail (inner flame, 65% to hit)
You shoot an arrow. The arrow barely misses the orc.
The centaur shoots an arrow.
The arrow barely misses you.
The centaur shoots an arrow.
The arrow hits you!
* * * LOW HITPOINT WARNING * * *
An orc wizard comes into view. It is wielding a +0 dagger.
The centaur shoots an arrow.
The arrow hits you!
You die...

.. .# .#
###. ###...
#....#######
#..>...o...o
#...@..o...?
#........c..
#....$....#.
#.........#
####......#
#.###.## #.#
.! #.. ..


You could see a centaur, an orc wizard and 2 orcs.

Vanquished Creatures
  Sigmund (D:4)
  A scorpion (D:4)
  A hound (D:4)
  An iguana (D:4)
  An orc wizard (D:4)
  2 adders (D:3)
  A gnoll (D:1)
  An ufetubus (D:5)
  A worm (D:2)
  A dart slug (D:2)
  5 orcs
  10 endoplasms
  7 giant cockroaches
  4 goblins
  6 hobgoblins
  3 jackals (D:1)
  3 quokkas
  6 ball pythons
  7 bats
  7 frilled lizards
  5 kobolds
  6 rats
80 creatures vanquished.

Notes
Turn   | Place    | Note
-------+----------+-------------------------------------------
     0 | D:1      | shoop the Deep Elf Arcane Marksman began the quest for the
                  | Orb.
     0 | D:1      | Reached XP level 1. HP: 11/11 MP: 5/5
    43 | D:1      | Reached skill level 1 in Stealth
   367 | D:1      | Reached XP level 2. HP: 16/16 MP: 6/6
   617 | D:1      | Found a faded altar of an unknown god.
   715 | D:1      | Reached skill level 3 in Bows
   748 | D:1      | Reached skill level 1 in Fighting
   755 | D:1      | Reached XP level 3. HP: 18/20 MP: 7/7
  1500 | D:2      | Reached skill level 4 in Bows
  1675 | D:2      | Reached XP level 4. HP: 25/25 MP: 8/8
  2238 | D:3      | Reached skill level 5 in Bows
  2287 | D:3      | Learned a level 3 spell: Inner Flame
  2683 | D:4      | Noticed a scorpion
  2798 | D:4      | Reached skill level 1 in Fire Magic
  2798 | D:4      | Reached XP level 5. HP: 10/29 MP: 7/10
  3066 | D:4      | Learned a level 3 spell: Portal Projectile
  3268 | D:4      | Noticed Sigmund
  3459 | D:5      | Entered Level 5 of the Dungeon
  3464 | D:5      | Reached skill level 1 in Translocations
  3511 | D:5      | Noticed a black bear
  3574 | D:5      | Noticed a centaur
  3609 | D:4      | Killed Sigmund
  3610 | D:4      | Reached skill level 6 in Bows
  3610 | D:4      | Reached XP level 6. HP: 16/34 MP: 2/11
  3808 | D:4      | Reached skill level 7 in Bows
  3808 | D:4      | Reached skill level 1 in Evocations
  3928 | D:5      | Noticed Grinder
  3931 | D:5      | Paralysed by Grinder for 4 turns
  3988 | D:5      | HP: 1/34 [centaur/arrow (14)]
  4335 | D:5      | Shot with an arrow by a centaur

Illustrated notes

Levels and vault maps discovered:
D:1:      giann_horns, layout_basic, hellmonk_ecumenical_altar_leap_of_faith,
          st_stairs_10, minivault_4
D:2:      layout_basic, minmay_octomino_c4
D:3:      layout_rooms, kennysheep_donut, minmay_misc_feat_rugged
D:4:      layout_rooms, minmay_misc_feat_doors, uniq_sigmund
D:5:      layout_basic, serial_rivers, chequers_serial_rivers_small_a,
          chequers_serial_rivers_micro_c, chequers_serial_rivers_small_b,
          chequers_serial_rivers_room_a, chequers_serial_rivers_marsh,
          uniq_grinder

Skill      XL: |  1  2  3  4  5  6 |
---------------+-------------------+-----
Stealth        | 2 3 |  3.0
Bows           | 3 4 5 6 7 |  7.0
Fighting       | 1 |  1.0
Dodging        | 3 |  3.0
Spellcasting   | 2 |  2.0
Fire Magic     | 1 2 |  2.0
Translocations | 2 |  2.0
Evocations     | 1 |  1.6
Hexes          | |  4.0

Action                   |  1- 3 |  4- 6 || total
-------------------------+-------+-------++-------
 Fire: Shortbow          |   121 |   113 ||   234
 Cast: Slow              |    11 |    15 ||    26
       Inner Flame       |       |     5 ||     5
Armor: Robe              |     4 |     2 ||     6
Dodge: Dodged            |    24 |    35 ||    59

Table legend: (Time is in decaauts)
 A = Elapsed time spent in this place.
 B = Non-inter-level travel time spent in this place.
 C = Inter-level travel time spent in this place.
 D = Time resting spent in this place.
 E = Time spent auto-exploring this place.
 F = Levels seen in this place.
 G = Mean time per level.
                   A        B        C        D        E       F      G
               +--------+--------+--------+--------+--------+-----+--------+
         Total |   4415 |   4034 |    381 |    113 |   3275 |   5 |  883.0 |
       Dungeon |   4415 |   4034 |    381 |    113 |   3275 |   5 |  883.0 |
               +--------+--------+--------+--------+--------+-----+--------+

Top non-repeatable levels by time:
     D:4: 1289 daAuts
     D:1: 1125 daAuts
     D:3: 1083 daAuts
     D:2: 804 daAuts
     D:5: 113 daAuts
